 Dungeon Crawl Stone Soup version 0.20.2-3-g29329e0561 (webtiles) character file.

1530 Alfie the Cutter (level 8, -7/71 HPs)
             Began as a Hill Orc Fighter on Jan 30, 2023.
             Killed by divine providence
             ... invoked by an orc priest
              (17 damage)
             ... on level 5 of the Dungeon.
             The game lasted 00:11:37 (3287 turns).

Alfie the Cutter (Hill Orc Fighter)                 Turns: 3287, Time: 00:11:38

Health: -7/71      AC: 12    Str: 21    XL:     8   Next: 85%
Magic:  8/8        EV:  9    Int:  8    God:
Gold:   185        SH: 10    Dex: 10    Spells: 6/7 levels left

rFire    . . .     SeeInvis .   a - +0 rapier
rCold    . . .     Gourm    .   c - +0 shield
rNeg     . . .     Faith    .   b - +0 scale mail
rPois    .         Spirit   .   (no helmet)
rElec    .         Reflect  .   (no cloak)
rCorr    .         Harm     .   x - +0 pair of gloves
MR       .....                  (no boots)
Stlth    ..........             (no amulet)
Regen    0.3/turn               s - +4 ring of protection
MPRegen  0.2/turn               (no ring)

@: no status effects
A: no striking features
a: Convert to Beogh


You were on level 5 of the Dungeon.
You were not hungry.

You visited 1 branch of the dungeon, and saw 5 of its levels.

You collected 185 gold pieces.

Inventory:

Hand Weapons
 a - a +0 rapier (weapon)
Armour
 b - a +0 scale mail (worn)
 c - a +0 shield (worn)
 x - a +0 pair of gloves (worn)
Jewellery
 l - the ring of Birdsong {rElec rF+ MR+ Str+4, unknown}
   (You found it on level 4 of the Dungeon)

   [ring of protection from magic]

   It affects your strength (+4).
   It protects you from fire.
   It insulates you from electricity.
   It affects your resistance to hostile enchantments.
 s - a +4 ring of protection (left hand)
Wands
 d - a wand of iceblast (4/15)
 j - a wand of random effects (21/48)
Scrolls
 e - 3 scrolls of teleportation
 k - 5 scrolls of remove curse
 q - a scroll of magic mapping
 r - 2 scrolls of amnesia
 y - a scroll of fear {unknown}
Potions
 g - a potion of lignification {unknown}
 i - 3 potions of invisibility {unknown}
 m - 2 potions of flight {unknown}
 p - a potion of brilliance {unknown}
 t - a potion of haste {unknown}
 u - 2 potions of curing
 v - 2 potions of magic {unknown}
 z - a potion of resistance {unknown}
 A - a potion of berserk rage {unknown}
Comestibles
 f - 2 bread rations
 h - a fruit
 o - 4 meat rations


   Skills:
 + Level 6.5 Fighting
 + Level 6.7 Short Blades
 + Level 6.0 Armour
 + Level 2.2 Dodging
 + Level 0.3 Stealth
 + Level 6.0 Shields


You had 6 spell levels left.
You knew the following spells:

 Your Spells              Type           Power        Failure   Level  Hunger
a - Confusing Touch       Hex            #.....       98%         1    ##.....


Dungeon Overview and Level Annotations

Branches:
Dungeon (5/15)             Temple (0/1) D:4

Altars:
Ru


Message History

(press Y on the ability menu to convert to Beogh)
The orc priest shouts!
There is a stone staircase leading down here.
You are no longer corroded.
The orc misses you.
You completely miss the orc.
The orc priest invokes the aid of Beogh against you.
Beogh smites you!
* * * LOW HITPOINT WARNING * * *
The orc hits you but does no damage.
You puncture the orc!
You kill the orc!
An orc and an orc priest come into view.
The orc shouts!
The orc priest shouts!
You see here a club.
You barely miss the orc priest.
The orc priest shouts, "Surrender to Beogh and we'll let you live!"
The orc priest mumbles some strange prayers to Beogh against you.
Beogh smites you!
You die...

##
###################.
#..@o....o..........
#####....o...>......
################
###### ###.....
#...#### ##.###
******* #########^.#
*,,,,,*##.........##


You could see 2 orc priests and an orc.

Vanquished Creatures
  Pikel (D:4)
  The ghost of Alfie the Shield-Bearer, a novice HOFi (D:5)
  Sigmund (D:4)
  Menkaure (D:4)
  A phantom (D:3)
  2 jellies
  3 orc wizards (D:4)
  Ijyb (D:3)
  Natasha (thrice) (D:3)
  A worker ant (D:5)
  A hound skeleton (D:4)
  10 adders
  An ooze (D:2)
  2 worms
  2 dart slugs (D:1)
  2 leopard geckos (D:3)
  9 orcs
  2 giant cockroaches
  4 hobgoblins
  3 jackals
  A bat (D:1)
  4 frilled lizards
  8 goblins
  4 kobolds
  A leopard gecko zombie (D:5)
  7 rats
76 creatures vanquished.

Vanquished Creatures (others)
  2 orcs (D:4)
2 creatures vanquished.

Grand Total: 78 creatures vanquished

Notes
Turn   | Place    | Note
-------+----------+-------------------------------------------
     0 | D:1      | Alfie the Hill Orc Fighter began the quest for the Orb.
     0 | D:1      | Reached XP level 1. HP: 19/19 MP: 1/1
   178 | D:1      | Reached XP level 2. HP: 20/27 MP: 2/2
   656 | D:2      | Reached XP level 3. HP: 20/33 MP: 3/3
   879 | D:2      | Reached XP level 4. HP: 12/40 MP: 4/4
  1300 | D:3      | Noticed Natasha
  1313 | D:3      | Reached XP level 5. HP: 26/47 MP: 5/5
  1321 | D:3      | Killed Natasha
  1401 | D:3      | Noticed Natasha
  1412 | D:3      | Killed Natasha
  1498 | D:3      | Noticed Natasha
  1518 | D:3      | Killed Natasha
  1600 | D:3      | Learned a level 1 spell: Confusing Touch
  1783 | D:3      | Noticed Ijyb
  1783 | D:3      | Noticed a phantom
  1813 | D:3      | Killed Ijyb
  1813 | D:3      | Reached skill level 1 in Dodging
  1813 | D:3      | Reached XP level 6. HP: 44/53 MP: 6/6
  1839 | D:3      | Killed a phantom
  2087 | D:4      | Found a staircase to the Ecumenical Temple.
  2230 | D:4      | Reached skill level 5 in Armour
  2298 | D:4      | Reached XP level 7. HP: 14/60 MP: 7/7
  2306 | D:4      | Noticed Sigmund
  2599 | D:4      | Noticed Menkaure
  2621 | D:4      | Killed Sigmund
  2621 | D:4      | Reached skill level 5 in Fighting
  2628 | D:4      | Killed Menkaure
  2628 | D:4      | Reached skill level 5 in Short Blades
  2628 | D:4      | Reached skill level 5 in Shields
  2717 | D:4      | Got an ancient brass ring
  2849 | D:4      | Noticed Pikel
  2895 | D:4      | Killed Pikel
  2895 | D:4      | Reached XP level 8. HP: 29/70 MP: 8/8
  3102 | D:5      | Entered Level 5 of the Dungeon
  3144 | D:5      | Found a sacrificial altar of Ru.
  3173 | D:5      | Noticed Alfie's ghost (novice HOFi)
  3223 | D:5      | Killed Alfie's ghost
  3287 | D:5      | Killed from afar by an orc priest

Skill      XL: |  1  2  3  4  5  6  7  8 |
---------------+-------------------------+-----
Fighting       | 4 5 6 |  6.5
Armour         | 4 5 6 |  6.0
Short Blades   | 3 4 6 |  6.7
Shields        | 4 5 6 |  6.0
Dodging        | 1 2 |  2.2
Stealth        | |  0.3

Action                   |  1- 3 |  4- 6 |  7- 9 || total
-------------------------+-------+-------+-------++-------
Melee: Rapier            |   100 |   221 |   160 ||   481
  Use: Potion            |       |     3 |     3 ||     6
       Scroll            |       |     5 |     4 ||     9
  Eat: Bread ration      |       |     1 |     1 ||     2
       Fruit             |       |     1 |       ||     1
Armor: Scale mail        |    39 |    83 |    51 ||   173
Dodge: Dodged            |    22 |    40 |    29 ||    91
Block: Shield            |    50 |    84 |    55 ||   189
